 Dungeon Crawl Stone Soup version 0.31-a0-152-g6aa68a64a1 (webtiles) character file.

Game seed: 15562747725238919573

106 qw the Shooter (level 4, 0/40 HPs)
             Began as a Naga Hunter on June 10, 2023.
             Slain by a kobold
             ... wielding a +1 short sword of venom
              (1 damage)
             ... on level 4 of the Dungeon.
             The game lasted 00:00:48 (2007 turns).

qw the Shooter (Naga Hunter)                        Turns: 2007, Time: 00:00:48

Health: 0/40       AC:  2    Str: 11 (13) XL:     4   Next: 84%
Magic:  0/4        EV:  9    Int:  8 (10) God:
Gold:   242        SH:  0    Dex: 19 (22) Spells: 3/3 levels left

rFire   . . .        Y - +0 shortbow
rCold   . . .        (shield currently unavailable)
rNeg    . . .        c - +0 leather armour
rPois   +            (no helmet)
rElec   .            (no cloak)
rCorr   .            (no gloves)
SInv    +            (no barding)
Will    .....        d - amulet of guardian spirit
Stlth   ++           h - +6 ring of dexterity
HPRegen 0.26/turn    (no ring)
MPRegen 0.09/turn

%: guardian spirit
@: lethally poisoned (0 -> -8), short of breath, very slow
A: AC +1, large, see invisible, deformed body, poison resistance, slowness 2,
spit poison 1, naga tail 1
a: Spit Poison


You were on level 4 of the Dungeon.
You visited 1 branch of the dungeon, and saw 4 of its levels.

You collected 265 gold pieces.
You spent 23 gold pieces at shops.


Innate Abilities, Weirdness & Mutations

Your serpentine skin is tough. (AC +1)
You have supernaturally acute eyesight. (SInv)
Armour fits poorly on your strangely shaped body.
Your system is resistant to poisons. (rPois)
You cover ground very slowly.
You can spit poison.
You have a snake-like lower body.


   Skills:
 + Level 2.6 Fighting
 - Level 5.2 Ranged Weapons
 - Level 1.5 Dodging
 - Level 1.5 Stealth


You had 3 spell levels left.
You didn't know any spells.
Your spell library was empty.

Inventory:

Hand Weapons
 Y - a +0 shortbow (weapon)
Armour
 c - a +0 leather armour (worn)
Jewellery
 a - a ring of fire
 d - an amulet of guardian spirit (around neck)
 h - a +6 ring of dexterity (left hand)
Scrolls
 e - a scroll of identify
Potions
 b - a potion of might
 i - a potion of haste
 l - a potion of attraction {unknown}

Dungeon Overview and Level Annotations

Branches:
Dungeon (4/15)
 Temple: D:4-7

Altars:
Nemelex Xobeh

Shops:
D:1 [*((


Message History

The arrow hits the scorpion but does no damage.
The scorpion is moderately wounded.
The scorpion stings you. The kobold barely misses you. The scorpion stings you.
You shoot an arrow. The arrow barely misses the scorpion.
The scorpion stings you but does no damage.
The kobold hits you with a +1 short sword of venom.
You shoot an arrow. The arrow closely misses the scorpion.
The scorpion stings you.
The kobold hits you with a +1 short sword of venom.
The scorpion stings you but does no damage.
You shoot an arrow.
The arrow hits the scorpion but does no damage.
The scorpion is moderately wounded.
You have got your breath back.
The kobold barely misses you. The scorpion completely misses you.
The kobold hits you with a +1 short sword of venom.
You are poisoned.
2004 ||| INVOKING Spit Poison.
Aiming: Spit Poison (1% risk of failure)
Press: ? - help, Shift-Dir - straight line, f/p - scorpion The splash of poison misses the scorpion.
You feel sick. The scorpion stings you.
The kobold hits you with a +1 short sword of venom.
You are lethally poisoned!
You shoot an arrow.
The arrow hits the scorpion but does no damage.
The scorpion is moderately wounded.
You feel very sick. The scorpion barely misses you.
The scorpion stings you but does no damage.
The kobold barely misses you.
You shoot an arrow. The arrow closely misses the scorpion.
You feel very sick. The scorpion stings you. The kobold barely misses you.
You shoot an arrow. The arrow hits the scorpion.
The scorpion is heavily wounded.
You feel very sick. The scorpion stings you.
The kobold hits you with a +1 short sword of venom.
You die...

#>.. #... #....
#.... #.....
#.....#####
......s...#######
......K@#.......###
..####..#######...#
#..# #.....# +..#
##.##### #.## #..#
P.#####.##
..#.....####
+#..........###
#.########<..#


You could see a scorpion and a kobold.

Vanquished Creatures
  An orc priest (D:3)
  An adder (D:3)
  2 worms (D:2)
  4 orcs (D:3)
  7 endoplasms
  A giant cockroach (D:3)
  5 goblins
  4 hobgoblins
  3 quokkas
  4 ball pythons
  9 bats
  2 frilled lizards (D:1)
  6 kobolds
  5 rats
54 creatures vanquished.

Notes
Turn   | Place    | Note
-------+----------+-------------------------------------------
     0 | D:1      | qw the Naga Hunter began the quest for the Orb.
     0 | D:1      | Reached XP level 1. HP: 19/19 MP: 1/1
     0 | D:1      | 0 ||| qw: Version: 0.2-a-122-gbc61b45
     0 | D:1      | 0 ||| qw: Game counter: 3594
     0 | D:1      | 0 ||| qw: Always use a shield: true
     0 | D:1      | 0 ||| qw: God list: Okawaru
     0 | D:1      | 0 ||| qw: Allow faded altars: false
     0 | D:1      | 0 ||| qw: Do Orc after D:15 true
     0 | D:1      | 0 ||| qw: Do second Lair branch before Depths: true
     0 | D:1      | 0 ||| qw: Lair rune preference: random
     0 | D:1      | 0 ||| qw: Plans: Normal
     0 | D:1      | 0 ||| PLANNING D:1-11
    17 | D:1      | 17 ||| INVOKING Spit Poison.
    22 | D:1      | 22 ||| INVOKING Spit Poison.
    29 | D:1      | 29 ||| INVOKING Spit Poison.
    33 | D:1      | 33 ||| INVOKING Spit Poison.
    36 | D:1      | Found Cumoamnaqon's Weapon Boutique.
    52 | D:1      | 52 ||| INVOKING Spit Poison.
    60 | D:1      | 60 ||| INVOKING Spit Poison.
    63 | D:1      | 63 ||| INVOKING Spit Poison.
    94 | D:1      | Reached skill level 4 in Ranged Weapons
    94 | D:1      | Reached XP level 2. HP: 26/26 MP: 2/2
    94 | D:1      | 94 ||| INVOKING Spit Poison.
   101 | D:1      | 101 ||| INVOKING Spit Poison.
   105 | D:1      | 105 ||| INVOKING Spit Poison.
   112 | D:1      | 112 ||| INVOKING Spit Poison.
   151 | D:1      | 151 ||| INVOKING Spit Poison.
   152 | D:1      | Found Lemokh's Assorted Antiques.
   164 | D:1      | 164 ||| BUYING scroll labelled DONUOC WADGH (23 gold).
   164 | D:1      | Bought a scroll labelled DONUOC WADGH for 23 gold pieces
   164 | D:1      | 164 ||| SHOPLISTING scroll labelled IMPUDYR MEXED (23 gold,
                  | have 18).
   164 | D:1      | 164 ||| SHOPLISTING scroll labelled MOASI DAZXASTRI (23
                  | gold, have 18).
   164 | D:1      | 164 ||| SHOPLISTING smoky inky potion (20 gold, have 18).
   164 | D:1      | 164 ||| SHOPLISTING twisted gold wand (92 gold, have 18).
   168 | D:1      | 168 ||| INVOKING Spit Poison.
   211 | D:1      | Found a faded altar of an unknown god.
   252 | D:1      | 252 ||| INVOKING Spit Poison.
   290 | D:1      | Found Vidod's Antique Weapon Shoppe.
   298 | D:1      | 298 ||| INVOKING Spit Poison.
   305 | D:1      | 305 ||| INVOKING Spit Poison.
   347 | D:1      | 347 ||| INVOKING Spit Poison.
   520 | D:1      | 520 ||| INVOKING Spit Poison.
   565 | D:1      | Found Dubot's Armour Boutique.
   571 | D:1      | 571 ||| SHOPLISTING +0 helmet (63 gold, have 44).
   571 | D:1      | 571 ||| SHOPLISTING +0 pair of gloves (63 gold, have 44).
   650 | D:1      | 650 ||| UPGRADING to +6 ring of dexterity.
   651 | D:1      | 651 ||| READING scroll labelled IMPUDYR MEXED.
   652 | D:1      | 652 ||| READING 2 scrolls labelled NUELEL POUL.
   653 | D:1      | 653 ||| READING scroll labelled DONUOC WADGH.
   654 | D:1      | 654 ||| READING scroll labelled ZIHUSS VYLEICI.
   655 | D:1      | 655 ||| DROPPING scroll of butterflies.
   656 | D:1      | 656 ||| DROPPING scroll of vulnerability.
   673 | D:2      | 673 ||| INVOKING Spit Poison.
   676 | D:2      | 676 ||| INVOKING Spit Poison.
   679 | D:2      | Reached XP level 3. HP: 32/32 MP: 3/3
   694 | D:2      | 694 ||| INVOKING Spit Poison.
   788 | D:2      | 788 ||| INVOKING Spit Poison.
   849 | D:2      | 849 ||| INVOKING Spit Poison.
   855 | D:2      | 855 ||| INVOKING Spit Poison.
   866 | D:2      | 866 ||| INVOKING Spit Poison.
  1155 | D:2      | 1155 ||| INVOKING Spit Poison.
  1174 | D:2      | 1174 ||| INVOKING Spit Poison.
  1213 | D:2      | 1213 ||| INVOKING Spit Poison.
  1310 | D:2      | 1310 ||| INVOKING Spit Poison.
  1329 | D:2      | 1329 ||| UPGRADING to amulet of guardian spirit.
  1334 | D:2      | 1334 ||| DRINKING 2 lumpy green potions.
  1412 | D:3      | 1412 ||| INVOKING Spit Poison.
  1417 | D:3      | 1417 ||| INVOKING Spit Poison.
  1422 | D:3      | 1422 ||| INVOKING Spit Poison.
  1427 | D:3      | 1427 ||| INVOKING Spit Poison.
  1429 | D:3      | Reached skill level 5 in Ranged Weapons
  1429 | D:3      | Reached XP level 4. HP: 15/39 MP: 2/4
  1549 | D:3      | 1549 ||| INVOKING Spit Poison.
  1602 | D:3      | 1602 ||| INVOKING Spit Poison.
  1638 | D:3      | 1638 ||| INVOKING Spit Poison.
  1695 | D:3      | 1695 ||| INVOKING Spit Poison.
  1701 | D:3      | 1701 ||| INVOKING Spit Poison.
  1741 | D:3      | Found a sparkling altar of Nemelex Xobeh.
  1762 | D:3      | 1762 ||| INVOKING Spit Poison.
  1767 | D:3      | 1767 ||| INVOKING Spit Poison.
  1938 | D:3      | 1938 ||| READING scroll labelled PEICKI UNGAKIE.
  1939 | D:3      | 1939 ||| DRINKING 2 viscous inky potions.
  1940 | D:3      | 1940 ||| DRINKING 2 bubbling yellow potions.
  1941 | D:3      | 1941 ||| DRINKING 2 viscous black potions.
  1942 | D:3      | 1942 ||| READING 3 scrolls of identify.
  1942 | D:3      | 1942 ||| IDENTIFYING white potion
  1943 | D:3      | 1943 ||| READING 2 scrolls of identify.
  1943 | D:3      | 1943 ||| IDENTIFYING bubbling ruby potion
  1944 | D:3      | 1944 ||| DROPPING potion of degeneration.
  1945 | D:3      | 1945 ||| DROPPING potion of enlightenment.
  1946 | D:3      | 1946 ||| DROPPING potion of brilliance.
  1947 | D:3      | 1947 ||| DROPPING potion of ambrosia.
  1993 | D:4      | Noticed a scorpion
  1994 | D:4      | 1994 ||| INVOKING Spit Poison.
  1998 | D:4      | 1998 ||| INVOKING Spit Poison.
  2004 | D:4      | 2004 ||| INVOKING Spit Poison.
  2006 | D:4      | HP: 10/40 [poisoned by a kobold]
  2007 | D:4      | HP: 3/40 [poisoned by a kobold]
  2007 | D:4      | HP: 1/40 [scorpion (2)]
  2007 | D:4      | Slain by a kobold

Levels and vault maps discovered:
D:1:      nicolae_arrival_memento_mori, layout_loops_ring, serial_shops, shop,
          shop, nicolae_shop_tiny_statue_garden,
          nicolae_shop_tiny_real_fake_doors, shapermc_ecumenical_altar_acropolis
D:2:      layout_loops_ring
D:3:      layout_basic, nemelex_diamond_rough_becter, dreamdust_wishing_well
D:4:      corexii_shack_village, layout_rooms, mainiacjoe_overflow_brackets

Skill      XL: |  1  2  3 |
---------------+----------+-----
Ranged Weapons | 4 5 |  5.2
Fighting       | |  2.6
Dodging        | |  1.5
Stealth        | |  1.5

Action                     |  1- 3 |  4- 6 || total
---------------------------+-------+-------++-------
   Fire: Shortbow          |    67 |    45 ||   112
Ability: Spit Poison       |    33 |    10 ||    43
    Use: Scroll            |     4 |     3 ||     7
         Potion            |     1 |     3 ||     4
 Armour: Leather armour    |     3 |     7 ||    10
  Dodge: Dodged            |    10 |    19 ||    29

Table legend:
 A = Non-vault XP
 B = Vault XP
 C = Vault XP percentage of total XP
 D = Non-vault monster count
 E = Vault monster count
 F = Vault count percentage of total count
                 A         B        C        D         E       F
            +---------+---------+-------+---------+---------+-------
      Total |     152 |       0 |   0.0 |      54 |       0 |   0.0
            +---------+---------+-------+---------+---------+-------
        D:1 |      33 |       0 |   0.0 |      21 |       0 |   0.0
        D:2 |      30 |       0 |   0.0 |      14 |       0 |   0.0
        D:3 |      87 |       0 |   0.0 |      18 |       0 |   0.0
        D:4 |       2 |       0 |   0.0 |       1 |       0 |   0.0
            +---------+---------+-------+---------+---------+-------
